[Event "FIDE WTC Prel-B 2022"]
[Site "Jerusalem"]
[Date "2022.11.21"]
[Round "4.15"]
[White "Smirin, Ilia"]
[Black "Akobian, Varuzhan"]
[Result "1/2-1/2"]
[ECO "B11"]
[WhiteElo "2596"]
[BlackElo "2591"]
[Annotator "TA"]
[PlyCount "36"]
[EventDate "2022.11.20"]
[EventType "team-tourn"]
[EventCountry "ISR"]
[SourceTitle "playchess.com"]
[Source "ChessBase"]
[SourceQuality "1"]
[WhiteTeam "Israel"]
[BlackTeam "United States"]
[WhiteTeamCountry "ISR"]
[BlackTeamCountry "USA"]
[TimeControl "2700+10"]

1. e4 c6 2. Nc3 d5 3. Nf3 Bg4 4. h3 Bxf3 5. Qxf3 e6 6. Be2 Nf6 7. O-O Nbd7 8. d4 {[%emt 0:01:45] B11: Caro-Kann: Two Knights Variation.} dxe4 9. Nxe4 Nxe4 10. Qxe4 Nf6 11. Qh4 Qc7 {[%emt 0:03:51] [#]} 12. Bg5 $146 ({Predecessor:} 12. Bf4 Bd6 13. Bxd6 Qxd6 14. Rad1 Qb4 15. Qg5 O-O 16. Qc1 Rad8 17. Rd3 Rd7 18. a3 {½-½ (39) Seret,J (2384)-Krzesaj,R (2323) Montpellier 2007}) 12... Be7 {[%emt 0:00:15] The position is equal.} 13. Rad1 h6 14. Bc1 Bd6 15. Bg5 Nh7 16. Bc1 Nf6 {[%emt 0:00:02] Prevents Qe4.} 17. Bg5 Nh7 18. Bc1 Nf6 {[%emt 0:00:06] Inhibits Qe4. A rather calm draw.  Weighted Error Value: White=0.07 (flawless) /Black=0.03 (flawless)} 1/2-1/2

[Event "FIDE WTC Prel-B 2022"]
[Site "Jerusalem"]
[Date "2022.11.21"]
[Round "4.16"]
[White "Quesada Perez, Yuniesky"]
[Black "Postny, Evgeny"]
[Result "1/2-1/2"]
[ECO "C55"]
[WhiteElo "2583"]
[BlackElo "2588"]
[Annotator "TA"]
[PlyCount "173"]
[EventDate "2022.11.20"]
[EventType "team-tourn"]
[EventCountry "ISR"]
[SourceTitle "playchess.com"]
[Source "ChessBase"]
[SourceQuality "1"]
[WhiteTeam "United States"]
[BlackTeam "Israel"]
[WhiteTeamCountry "USA"]
[BlackTeamCountry "ISR"]
[TimeControl "2700+10"]

1. e4 e5 2. Nf3 Nc6 3. Bc4 Nf6 4. d3 Be7 5. O-O d6 6. a4 Na5 {[%emt 0:00:20] C55: Two Knights: 4 d3, 4 d4 exd4 5 e5 and Max Lange Attack.} 7. Ba2 c5 {[%emt 0:00:03] Against b4} 8. c3 Nc6 {[%emt 0:00:07] White has an edge.} 9. Na3 O-O {[%emt 0:00:07] [#]} 10. Nc2 $146 ({Predecessor:} 10. Nc4 Be6 11. Ne3 Bxa2 12. Rxa2 d5 13. exd5 Nxd5 14. Nc4 Bf6 15. Ra1 Qd7 16. Qe2 {0-1 (30) Getz,N (2434)-Postny,E (2616) Novi Sad 2016}) 10... a6 11. b4 cxb4 12. cxb4 d5 13. b5 (13. Bb2 {feels hotter.} Bg4 14. b5 axb5 15. axb5 Qb6 16. bxc6 Qxb2 17. Qb1) 13... axb5 14. axb5 Nb4 15. Nxb4 Bxb4 16. Bb2 {[%emt 0:01:49] Against Bc3} Bg4 17. h3 Bxf3 18. Qxf3 d4 19. Bc4 Rxa1 20. Rxa1 Bc3 (20... Qe7 $11) 21. Bxc3 $16 {[%emt 0:05:13] White is more active.} dxc3 22. Qd1 $1 Qd4 23. Qb3 {[%emt 0:00:02] Prevents c2.} Ne8 {[%emt 0:02:51] [#]} (23... g6 $14) 24. Rc1 (24. Ra4 $142 $1 {[%cal Oc4f7] Hoping for Bxf7+!} Qc5 25. Qxc3) 24... Nd6 25. Rxc3 Ra8 26. Rc1 (26. g3 $16) 26... Ra1 27. Rxa1 (27. Qd1 $16 Ra3 28. Qg4) 27... Qxa1+ {[%emt 0:00:01][%mdl 4096] Endgame KQB-KQN} 28. Kh2 Qd4 (28... Qc1 $11) 29. Qa2 g6 30. g3 Kg7 (30... Nxc4 $14 31. dxc4 b6) 31. Kg2 h5 32. h4 Kf6 (32... b6 $142) 33. f4 (33. Bd5 $16 {Black must now prevent Qa5.} Qxd3 34. Qa5) 33... Kg7 $11 34. Qf2 {[%emt 0:01:23] Strongly threatening Qxd4.} Qc3 35. Bd5 Qxd3 36. fxe5 Nf5 37. Kh3 (37. Bxb7 Ne3+ 38. Kh3 {[#]} Qd1 $1 $19) (37. Qf3 {simplifies} Qxf3+ 38. Kxf3 Nd4+ 39. Ke3) 37... Qxb5 38. Ba2 Qc6 39. exf5 $16 Qh1+ 40. Qh2 Qf1+ 41. Qg2 Qxf5+ 42. Kh2 Qxe5 43. Qxb7 (43. Qf2 $16 Qf6 44. Qxf6+ Kxf6 45. Bc4) 43... Qe2+ $11 44. Qg2 Qe3 (44... Qxg2+ $11 45. Kxg2 f6) 45. Qc2 Qe5 46. Qf2 Qe7 47. Bd5 Kg8 48. Kg2 Kg7 49. Qf3 Kg8 50. Qe4 $2 (50. Kh2 $18) 50... Qf6 $2 (50... Qxe4+ $11 {and Black is okay.} 51. Bxe4 Kf8) 51. Qf4 Qe7 52. Qd4 Qe2+ 53. Qf2 Qe7 (53... Qxf2+ $16 54. Kxf2 Kg7) 54. Qf3 Kg7 55. Qc3+ Kg8 56. Kf3 Qd6 57. Ke4 Qe7+ 58. Qe5 Qd7 59. Ke3 Kh7 60. Bc4 Qa7+ 61. Kf3 {[%emt 0:00:11] White wants to mate with Qf6.} Kg8 62. Qf6 Qb7+ 63. Kf2 Kf8 64. Qh8+ Ke7 65. Qd4 Kf8 66. Bd5 Qd7 67. Qe5 Kg8 68. Kf3 Kh7 69. Ke3 Kg8 70. Bc4 Qa7+ 71. Ke4 Qd7 72. Ke3 $2 ({Better is} 72. Qb8+ $18 Kg7 73. Ke3) 72... Kf8 $2 (72... Qa7+ $1 $11 73. Kf3 Qd7) 73. Qh8+ $18 Ke7 74. Qg7 Qf5 75. Qd4 {[%emt 0:00:08] Prevents Qc5. Qf4 is the strong threat.} Kf8 76. Qd8+ Kg7 77. Qd5 $2 {[%emt 0:00:02] Prevents Qe5+.} (77. Qc7 $18) 77... Qf6 $2 (77... Qxd5 $11 {and Black has nothing to worry.} 78. Bxd5 f6) 78. Qd4 $2 ({White should try} 78. Ke2 $18) 78... Qxd4+ $11 {[%emt 0:00:02] The position is equal.} 79. Kxd4 g5 80. hxg5 {[%emt 0:00:13] White threatens Ke5 and mate.} Kg6 81. Bxf7+ Kxg5 $1 {[%emt 0:00:01] KB-KP} 82. Be6 {[%emt 0:00:11] Threatening mate with Bh3.} h4 83. g4 {[%emt 0:00:10] Intending Ke4 and mate.} h3 84. Ke3 {[%emt 0:00:02] Kf2 would kill now.} h2 85. Bd5 Kxg4 86. Kf2 h1=N+ 87. Bxh1 {[%emt 0:00:02] White really could win this.   Weighted Error Value: White=0.23 (precise) /Black=0.24 (precise)} 1/2-1/2

[Event "FIDE WTC Prel-B 2022"]
[Site "Jerusalem"]
[Date "2022.11.21"]
[Round "4.17"]
[White "Vidit, Santosh Gujrathi"]
[Black "Yakubboev, Nodirbek"]
[Result "0-1"]
[ECO "E54"]
[WhiteElo "2724"]
[BlackElo "2667"]
[Annotator "TA"]
[PlyCount "126"]
[EventDate "2022.11.20"]
[EventType "team-tourn"]
[EventCountry "ISR"]
[SourceTitle "playchess.com"]
[Source "ChessBase"]
[SourceQuality "1"]
[WhiteTeam "India"]
[BlackTeam "Uzbekistan"]
[WhiteTeamCountry "IND"]
[BlackTeamCountry "UZB"]
[TimeControl "2700+10"]

1. d4 Nf6 2. c4 e6 3. Nc3 Bb4 4. e3 O-O 5. Bd3 d5 6. Nf3 dxc4 7. Bxc4 c5 8. O-O cxd4 9. exd4 b6 10. Bg5 Bxc3 11. bxc3 Bb7 12. Qe2 Nbd7 13. Rac1 Qc7 14. Nd2 {[%emt 0:00:07][%cal Bf3d2,Bd2f1,Bf1e3][%mdl 32] E54: Nimzo-Indian: Rubinstein: Main Line: 7...dxc4 8 Bxc4.} Nd5 15. Bxd5 exd5 16. Rfe1 {[%emt 0:00:03] The position is equal.} f6 17. Bh4 {[%emt 0:01:02] [#]} Qc6 $146 ({Predecessor:} 17... Rfe8 18. Qxe8+ Rxe8 19. Rxe8+ Kf7 20. Rce1 Nf8 21. Bg3 Qd7 22. R8e3 Bc6 23. Nf3 Ba4 24. h3 h5 25. Nd2 Ng6 26. Nf3 {½-½ (26) Tyulenko,Y (2395)-Dobrica,D (2318) ICCF email 2011}) 18. Nf1 Rf7 19. Bg3 Nf8 20. h4 Qd7 21. h5 Bc6 22. Ne3 Re8 23. Qf3 f5 $1 {[%emt 0:02:24][%cal Of5f4] With the idea ...f4!} 24. Nf1 Re4 25. Be5 Ne6 26. Qd1 (26. h6 $11) 26... Rxe1 (26... Rh4 $15 {should be considered.}) 27. Qxe1 $11 f4 28. f3 h6 29. Qh4 Rf5 30. g4 {[%emt 0:00:31] [#]} Rxe5 31. dxe5 d4 32. Nh2 {[%emt 0:01:17] [#]} d3 (32... Ng5 $1 $17 33. Kf1 Bxf3) 33. Rd1 Ng5 34. Kg2 d2 35. e6 $1 Qxe6 {[%emt 0:01:30] ( -> ...Qe2+)} (35... Nxe6 $5 36. Qf2 $8 Ng5 $11) 36. Rxd2 Kh7 {[%emt 0:00:08][%cal Oc6f3] And now ...Bxf3+! would win.} 37. Rd4 Bxf3+ {[%emt 0:00:52][%mdl 64] Decoy} 38. Nxf3 Nxf3 {[%emt 0:00:02] The board is on fire.} 39. Kxf3 Qe3+ 40. Kg2 f3+ 41. Kh3 $1 Qe2 42. Qg3 {[%emt 0:00:13] Against Qg2+. Strongly threatening Qg1.} f2 {[%emt 0:00:16] Inhibits Qg1.} 43. Rf4 f1=Q+ 44. Rxf1 Qxf1+ {[%emt 0:00:02][%mdl 4096] Endgame KQ-KQ} 45. Kh2 Qe2+ 46. Qg2 Qe5+ 47. Qg3 Qd5 48. Qf2 Qe4 49. Kg3 Qe5+ 50. Kg2 Qxc3 51. Qf5+ Kg8 {[%emt 0:00:01] Hoping for ...Qb2+.} 52. Qe6+ Kf8 53. Qd6+ Kf7 54. Qd7+ Kf6 {[%emt 0:00:06] aiming for ...Kg5.} 55. Qxa7 Qd4 56. Kg3 Qe3+ 57. Kg2 Qe4+ 58. Kg3 Qe5+ 59. Kg2 b5 {[%emt 0:00:30][%cal Bb6b5,Bb5b4][%mdl 32] ...Kg5 is the strong threat.} 60. Qf2+ Kg5 61. Qg3 (61. Kh3 $1 $11) 61... Qe4+ $19 62. Kf2 $2 (62. Kh2 $19) 62... Qf4+ 63. Qf3 b4 {[%emt 0:00:30] Weighted Error Value: White=0.25 (precise) /Black=0.04 (flawless)} 0-1

[Event "FIDE WTC Prel-B 2022"]
[Site "Jerusalem"]
[Date "2022.11.21"]
[Round "4.18"]
[White "Sindarov, Javokhir"]
[Black "Nihal Sarin"]
[Result "1-0"]
[ECO "C50"]
[WhiteElo "2654"]
[BlackElo "2670"]
[Annotator "TA"]
[PlyCount "87"]
[EventDate "2022.11.20"]
[EventType "team-tourn"]
[EventCountry "ISR"]
[SourceTitle "playchess.com"]
[Source "ChessBase"]
[SourceQuality "1"]
[WhiteTeam "Uzbekistan"]
[BlackTeam "India"]
[WhiteTeamCountry "UZB"]
[BlackTeamCountry "IND"]
[TimeControl "2700+10"]

1. e4 e5 2. Nf3 Nc6 3. Bc4 Bc5 4. Nc3 Nf6 5. d3 h6 6. O-O O-O 7. h3 a6 8. Be3 $1 {[%emt 0:00:02][%mdl 4] outshines the older 8.a3.} Bxe3 9. fxe3 d6 10. d4 {[%emt 0:00:02] C50: Hungarian Defence and Giuoco Pianissimo.} b5 11. Bd3 Re8 {[%emt 0:00:02] [#]} 12. d5 $146 {[%emt 0:00:09] The position is equal.} ({Predecessor:} 12. a3 Rb8 13. Qd2 Bb7 14. Qf2 Na5 15. Nh4 Kh8 16. Nf5 Nh7 17. b4 Nc4 18. a4 {1-0 (33) Demchenko,A (2597)-Mastrovasilis,A (2518) Kavala 2021}) 12... Ne7 13. Nd2 Rf8 14. Kh2 Bd7 15. a4 Rb8 16. axb5 axb5 17. b4 c6 18. dxc6 (18. Rxf6 {looks sharper.} gxf6 19. dxc6 Bxc6 20. Qh5) 18... Nxc6 19. Rb1 (19. Nxb5 Nxb4 20. Nxd6 Bg4 $1 21. hxg4 Qxd6 $15) 19... Na7 20. Qe2 Rc8 21. Nd5 Nxd5 22. exd5 f5 {[%emt 0:00:01] Threatens to win with ...e4.} 23. e4 f4 24. Ra1 Rc7 25. Nf3 g5 26. Ra6 Qf6 (26... Be8 $11) 27. Rfa1 $1 $16 Nc8 28. Bxb5 {[%emt 0:00:31] White is more active.} g4 29. hxg4 Bxg4 30. Rh1 (30. R6a3 $16) 30... Kh7 $11 31. Kg1 $36 {[%emt 0:00:05][%mdl 2048] White is pushing.} Rg8 (31... Bxf3 32. gxf3 (32. Qxf3 Rxc2 33. Bf1 Rg8 $11) 32... Rg8+ 33. Kf1 $16) 32. Kf1 Rcg7 33. Qf2 Bxf3 ({Black should play} 33... Rb7 34. c4 Qg6) 34. gxf3 $16 (34. Qxf3 $2 Rg3 35. Qh5 R8g5 $19) 34... Rg3 $2 {[%emt 0:00:01][%mdl 8192] [#]} (34... Rb7 $16 {is a better chance.}) 35. Bd7 $1 $18 Ne7 (35... Qe7 $142 36. Qh2 Qg5 37. Bf5+ Kg7) 36. Be6 R8g6 37. Rxd6 Qg5 38. Rd7 {[%emt 0:00:40] Bf5 is the strong threat.} Rg2 39. Qc5 Rg7 {[%emt 0:00:05] [#]} 40. Rxe7 $1 Rxe7 41. Bf5+ Kg7 {[%emt 0:00:29] [#]} (41... Kg8 $142 42. Rxh6 Qxh6 43. Kxg2 Rg7+ 44. Bg4 (44. Kf1 $2 Qh1+ 45. Ke2 Rg2+ 46. Kd3 Qd1+ 47. Kc4 Rxc2+ 48. Kb5 Rxc5+ $19) 44... Rg6) 42. d6 $2 (42. Rh5 $3 $18 Rg1+ (42... Rf2+ 43. Kxf2) 43. Qxg1 Qxg1+ 44. Kxg1) 42... Qg3 43. Rh3 Qg5 44. dxe7 {[%emt 0:00:06] Weighted Error Value: White=0.33/Black=0.53} 1-0

[Event "FIDE WTC Prel-B 2022"]
[Site "Jerusalem"]
[Date "2022.11.21"]
[Round "4.19"]
[White "Narayanan.S.L"]
[Black "Vokhidov, Shamsiddin"]
[Result "1/2-1/2"]
[ECO "C83"]
[WhiteElo "2673"]
[BlackElo "2568"]
[Annotator "TA"]
[PlyCount "79"]
[EventDate "2022.11.20"]
[EventType "team-tourn"]
[EventCountry "ISR"]
[SourceTitle "playchess.com"]
[Source "ChessBase"]
[SourceQuality "1"]
[WhiteTeam "India"]
[BlackTeam "Uzbekistan"]
[WhiteTeamCountry "IND"]
[BlackTeamCountry "UZB"]
[TimeControl "2700+10"]

1. e4 e5 2. Nf3 Nc6 3. Bb5 a6 4. Ba4 Nf6 5. O-O Nxe4 6. d4 b5 7. Bb3 d5 8. dxe5 Be6 9. c3 Be7 10. Nbd2 Nc5 11. Bc2 d4 12. Nb3 {[%emt 0:00:02][%cal Rf3d4] C83: Open Ruy Lopez: 9 c3 Be7.} d3 13. Bb1 {[%emt 0:00:04] Nxc5 is the strong threat.} Nxb3 14. axb3 {[%emt 0:00:02] White is slightly better.} Bf5 15. Re1 O-O 16. b4 Qd7 17. Bf4 Rfd8 18. h3 a5 19. bxa5 (19. g4 $5 Bg6 20. Ba2 $11 (20. bxa5 Rxa5 21. Ba2 Qc8 $11)) 19... Rxa5 20. Rxa5 Nxa5 21. Nd4 c5 (21... g5 $5 22. b4 Nc4 $11) 22. e6 $1 fxe6 23. Nxf5 exf5 {[%emt 0:00:01] [#]} 24. Qxd3 Qxd3 25. Bxd3 Rxd3 26. Rxe7 $11 {[%emt 0:00:02][%mdl 4096] [#] Endgame KRB-KRN} Nc4 $146 ({Predecessor:} 26... Rd5 27. Ra7 Nc6 28. Rb7 c4 29. Be3 Nd8 30. Rc7 Ne6 31. Re7 Rd6 32. f4 h5 {½-½ (40) Puranik,A (2604)-Priasmoro,N (2502) Sitges 2021}) 27. Rb7 Nxb2 28. Rxb5 Nd1 (28... Na4 $1 $11) 29. Be5 (29. Rxc5 $14 Nxc3 30. Rxf5) 29... Nxc3 {[%emt 0:00:25] The position is equal.} 30. Rb7 g6 31. Rg7+ Kf8 32. Rxh7 Ne4 33. f3 Ng5 34. Ra7 Ne6 35. h4 Rd5 36. Bf6 f4 37. Re7 Rd6 38. Ra7 {[%emt 0:00:43] [#] aiming for Be7+.} Rd5 39. Re7 Rd6 40. Ra7 {[%emt 0:00:06] Weighted Error Value: White=0.08 (flawless) /Black=0.08 (flawless)} 1/2-1/2

[Event "FIDE WTC Prel-B 2022"]
[Site "Jerusalem"]
[Date "2022.11.21"]
[Round "4.20"]
[White "Vakhidov, Jakhongir"]
[Black "Gupta, Abhijeet"]
[Result "1-0"]
[ECO "A28"]
[WhiteElo "2607"]
[BlackElo "2616"]
[Annotator "TA"]
[PlyCount "101"]
[EventDate "2022.11.20"]
[EventType "team-tourn"]
[EventCountry "ISR"]
[SourceTitle "playchess.com"]
[Source "ChessBase"]
[SourceQuality "1"]
[WhiteTeam "Uzbekistan"]
[BlackTeam "India"]
[WhiteTeamCountry "UZB"]
[BlackTeamCountry "IND"]
[TimeControl "2700+10"]

1. c4 Nf6 2. Nc3 e5 3. Nf3 Nc6 4. e4 Bb4 5. d3 d6 6. a3 {[%emt 0:00:02] A28: English Opening: Four Knights Variation.} Bxc3+ 7. bxc3 h6 8. g3 {[%emt 0:00:08] The position is equal.} Be6 9. Bg2 Qd7 10. Rb1 b6 11. Nh4 O-O 12. O-O Bh3 13. f4 Bxg2 14. Kxg2 exf4 15. Bxf4 {[%emt 0:04:29] [#]} Nh7 $146 ({Predecessor:} 15... Qe6 16. Nf5 Rae8 17. Rb2 Ne5 18. Kg1 Kh7 19. Rg2 Ng8 20. g4 f6 21. h4 a6 {½-½ (40) Kahl,F (2361)-Markus,R (2387) LSS email 2019}) 16. Nf5 {[%emt 0:08:55] Qg4 is the strong threat.} Ne7 17. g4 Kh8 18. Kh1 Rae8 19. Rb2 f6 20. Rg2 Ng6 21. Bg3 Ne5 22. h4 c6 23. Ne3 a6 {[%emt 0:09:06] [#]} 24. a4 $1 b5 25. axb5 axb5 26. cxb5 cxb5 27. Qe2 Ra8 28. Nd5 {[%emt 0:06:35] aiming for Nb6.} Ra6 {[%emt 0:00:03] Inhibits Nb6.} 29. d4 ({White should try} 29. Bf2 $16) 29... Nc4 (29... Nxg4 $11 {remains equal.} 30. Nb4 Ra7) 30. Qf3 $16 {[%emt 0:00:34] White is more active.} Rfa8 31. Rff2 Ra1+ 32. Kh2 Qd8 33. Qf5 {[%emt 0:00:31] Black is now going downhill.} Rd1 {[%emt 0:00:06] [#]} (33... Qe8 $16) 34. Ra2 $1 $18 Rxa2 (34... Ra1 $142 35. Rxa1 Rxa1) 35. Rxa2 {[%emt 0:00:01] And now Ra7 would win.} Nd2 $2 (35... Rd2+ 36. Rxd2 Nxd2) 36. Ne3 Rc1 37. Rxd2 Nf8 38. Rc2 Ra1 39. Qxb5 Qa8 40. Qd5 Qa6 41. Qxd6 Qd3 42. Qxf8+ Kh7 {[%emt 0:00:01] [#]} 43. Qc8 $1 {[%emt 0:01:10] Black must now prevent Qf5+.} Qxe3 44. Qf5+ Kh8 45. Qf2 Qxe4 46. Qg2 Qxg4 47. d5 f5 48. Rf2 Rd1 49. Qf3 Qa4 50. Qxf5 Qa1 51. Qf3 {[%emt 0:00:08] Weighted Error Value: White=0.17 (very precise) /Black=0.40} (51. Qe4 $142 Kg8 52. Bd6 Qa8 53. Rf8+ Qxf8 54. Bxf8 Rf1 55. Bc5 Rd1 56. d6) 1-0

[Event "FIDE WTC Prel-B 2022"]
[Site "Jerusalem"]
[Date "2022.11.21"]
[Round "4.21"]
[White "Wojtaszek, Radoslaw"]
[Black "Radjabov, Teimour"]
[Result "1-0"]
[ECO "A29"]
[WhiteElo "2686"]
[BlackElo "2747"]
[Annotator "TA"]
[PlyCount "63"]
[EventDate "2022.11.20"]
[EventType "team-tourn"]
[EventCountry "ISR"]
[SourceTitle "playchess.com"]
[Source "ChessBase"]
[SourceQuality "1"]
[WhiteTeam "Poland"]
[BlackTeam "Azerbaijan"]
[WhiteTeamCountry "POL"]
[BlackTeamCountry "AZE"]
[TimeControl "2700+10"]

1. c4 Nf6 2. Nc3 e5 3. Nf3 Nc6 4. g3 d5 5. cxd5 Nxd5 6. Bg2 Bc5 {[%emt 0:00:02] A29: English Opening: Four Knights Variation with 4 g3.} 7. O-O O-O 8. Qc2 {[%emt 0:00:07] Strongly threatening Nxd5.} Nd4 {[%emt 0:03:50] [#] The position is equal.} 9. Qe4 $146 ({Predecessor:} 9. Nxd4 Nb4 10. Qb1 exd4 11. Ne4 Bb6 12. a3 Nd5 13. b4 Re8 14. Bb2 Bf5 15. d3 {½-½ (59) Sarana,A (2668)-Lazavik,D (2529) Chess.com INT 2022}) 9... Nxc3 10. dxc3 Nxf3+ 11. exf3 Re8 12. Re1 c6 13. f4 Qb6 14. Be3 Bxe3 15. Qxe3 Qxb2 16. fxe5 Bf5 17. a4 f6 18. f4 Rad8 19. Bf1 fxe5 20. Bc4+ Be6 21. Rab1 Qc2 22. Bxe6+ Rxe6 23. Rxb7 Rh6 24. Rxg7+ Kh8 $2 {[%emt 0:00:16][%mdl 8192] [#]} (24... Kxg7 $2 25. Qxe5+ Rf6 26. Qe7+ Rf7 27. Qxd8 $18) (24... Kf8 $1 $11 {and Black is okay.} 25. h4 (25. Rxa7 Qxh2+ 26. Kf1 Qh1+ 27. Ke2 Rh2+) 25... Rd1) 25. h4 $1 $18 Re6 (25... e4 26. Rxa7) 26. Rg5 ({Much less strong is} 26. Rxa7 $6 Rd3 27. Qe4 (27. Ra8+ Kg7 $16) 27... Rxg3+ 28. Kf1 Qxe4 29. Rxe4 Rxc3 $18) 26... e4 27. f5 $40 {[%emt 0:00:02][%cal Bf4f5,Bf5f6,Bf6f7][%mdl 160] White attacks with force.} ({But not} 27. Qxa7 Qxc3 28. Kh2 h6) 27... Re7 28. f6 Rf7 29. Qxe4 {[%emt 0:00:52] The board is on fire.} Qxc3 {[%emt 0:00:22] [#]} (29... Qxe4 $18 30. Rxe4 Rxf6) 30. Qe8+ $3 {[%emt 0:00:55][%mdl 512] White mates.} Rf8 31. f7 Qd4+ 32. Kh1 {[%emt 0:00:19] Weighted Error Value: White=0.07 (flawless) /Black=0.39} (32. Kg2 $142 Qd2+ 33. Re2 Rfxe8 34. fxe8=Q+ Rxe8 35. Rxd2 h6 36. Rg6 c5 37. Rxh6+ Kg7 38. Rc6) 1-0

[Event "FIDE WTC Prel-B 2022"]
[Site "Jerusalem"]
[Date "2022.11.21"]
[Round "4.22"]
[White "Mamedov, Rauf"]
[Black "Bartel, Mateusz"]
[Result "1/2-1/2"]
[ECO "A07"]
[WhiteElo "2646"]
[BlackElo "2627"]
[Annotator "TA"]
[PlyCount "81"]
[EventDate "2022.11.20"]
[EventType "team-tourn"]
[EventCountry "ISR"]
[SourceTitle "playchess.com"]
[Source "ChessBase"]
[SourceQuality "1"]
[WhiteTeam "Azerbaijan"]
[BlackTeam "Poland"]
[WhiteTeamCountry "AZE"]
[BlackTeamCountry "POL"]
[TimeControl "2700+10"]

1. Nf3 d5 2. g3 g6 3. Bg2 Bg7 4. O-O e5 5. d3 Ne7 6. e4 O-O 7. exd5 Nxd5 8. Nbd2 Nc6 9. a3 {[%emt 0:00:02] A07: Réti Opening: New York and Capablanca Systems.} h6 10. Re1 Re8 11. Rb1 a5 {[%emt 0:00:26] [#]} 12. c3 $146 (12. c4 $5 Nb6 13. Ne4 $11) ({Predecessor:} 12. c4 Nf6 13. b4 axb4 14. axb4 Bg4 15. b5 Nd4 16. h3 Nxf3+ 17. Nxf3 Bxf3 18. Bxf3 {0-1 (53) Mamedov,R (2678)-Navara,D (2758) Riga 2021}) 12... a4 13. Ne4 Nf6 14. Nfd2 (14. Nxf6+ $11 {keeps the balance.} Qxf6 15. Nd4) 14... Nd7 $1 $17 ({Resist} 14... Qxd3 15. Nxf6+ Bxf6 16. Ne4 $1 $14) 15. f4 exf4 $1 16. gxf4 Nb6 17. Nf1 Ne7 18. Qe2 Bd7 19. Qf2 Bc6 20. Be3 $1 {[%emt 0:00:52] [#]} Nf5 (20... Qxd3 $2 21. Bxb6 cxb6 22. Rbd1 $16) (20... Nbd5 $1 $17) 21. Bxb6 $11 cxb6 22. Rbd1 Nh4 23. Bh1 $1 f5 24. Ned2 Rxe1 25. Rxe1 Bxh1 26. Kxh1 Qd5+ 27. Kg1 g5 28. d4 Rf8 29. Ne3 Qc6 30. Ng2 Ng6 31. Qf3 gxf4 (31... Qb5 $11) 32. Qh5 Re8 33. Rxe8+ ({Better is} 33. Qxf5 $16 {aiming for Rxe8+.} Rf8 34. Qe6+ Kh7 {[#]} 35. Nf3 $1) 33... Qxe8 {[%emt 0:00:02] The position is equal.} 34. Qxf5 {[%emt 0:00:19] Hoping for Kf2.} Qe2 {[%emt 0:00:09][%cal Oe2g2] And now ...Qxg2+! would win.} 35. Qxg6 {[%emt 0:00:10] Nf1 is the strong threat. Chess con chili.} Qxd2 {[%emt 0:00:04][%mdl 4096] Endgame KQB-KQN} 36. Qe6+ Kh8 37. Qe8+ Kh7 38. Qe4+ Kh8 39. Qe8+ Kh7 40. Qe4+ Kh8 41. Qe8+ {[%emt 0:01:12] Weighted Error Value: White=0.09 (flawless) /Black=0.09 (flawless)} 1/2-1/2

[Event "FIDE WTC Prel-B 2022"]
[Site "Jerusalem"]
[Date "2022.11.21"]
[Round "4.23"]
[White "Gumularz, Szymon"]
[Black "Suleymanli, Aydin"]
[Result "1/2-1/2"]
[ECO "D27"]
[WhiteElo "2561"]
[BlackElo "2543"]
[Annotator "TA"]
[PlyCount "65"]
[EventDate "2022.11.20"]
[EventType "team-tourn"]
[EventCountry "ISR"]
[SourceTitle "playchess.com"]
[Source "ChessBase"]
[SourceQuality "1"]
[WhiteTeam "Poland"]
[BlackTeam "Azerbaijan"]
[WhiteTeamCountry "POL"]
[BlackTeamCountry "AZE"]
[TimeControl "2700+10"]

1. d4 d5 2. c4 dxc4 3. Nf3 Nf6 4. e3 e6 5. Bxc4 c5 6. O-O a6 7. e4 (7. b3 {simplifies} cxd4 8. Qxd4 Qxd4 9. Nxd4 Bd7 10. Be2) 7... b5 {[%emt 0:00:55] Prevents e5. The position is equal. D27: Queen's Gambit Accepted: Classical main line: 7 e4!? and 7 a4.} 8. Be2 $1 {[%emt 0:00:24][%mdl 4] outshines the older 8.Bd3.} Nxe4 9. a4 b4 10. Nbd2 Bb7 11. Nxe4 Bxe4 12. Be3 cxd4 13. Nxd4 Nc6 14. Bf3 Bxf3 15. Qxf3 Nxd4 16. Bxd4 {[%emt 0:00:00] [#] Strongly threatening Qc6+.} Qd5 {[%emt 0:00:04] [#] Prevents Qc6+.} 17. Qxd5 $146 ({Predecessor:} 17. Qe3 Be7 18. Rad1 Rd8 19. Qe2 Qb7 20. Qg4 Rg8 21. a5 Rd5 22. Bb6 Bd6 23. Rxd5 Qxd5 {½-½ (35) Cheparinov,I (2659)-Inarkiev,E (2663) Mali Losinj 2021}) 17... exd5 18. Rfe1+ Kd7 19. Rad1 Re8 20. Rxe8 Kxe8 $11 {[%emt 0:00:02][%mdl 4096] Endgame KRB-KRB} 21. Be5 f6 22. Bf4 Be7 23. Rxd5 Kf7 24. Kf1 Rc8 25. Ke2 Ke6 26. Rd3 Rc2+ 27. Rd2 Rc4 28. Be3 b3 29. Rd4 {[%emt 0:00:00] Against Bd6} Rc2+ 30. Rd2 Rc4 31. Rd4 {[%emt 0:00:00] Prevents Bd6.} Rc2+ 32. Rd2 Rc4 33. Rd4 {[%emt 0:00:00] Against Bd6. An even fight not without its subleties.   Weighted Error Value: White=0.02 (flawless) /Black=0.00 (flawless)} 1/2-1/2